[Event "Warsaw Chess Open-B 2022"]
[Site "Warsaw"]
[Date "2022.07.22"]
[Round "5.1"]
[White "Kowalczyk, Adam"]
[Black "Posuniak, Weronika"]
[Result "1/2-1/2"]
[ECO "B10"]
[WhiteElo "1944"]
[BlackElo "1895"]
[Annotator "TA"]
[PlyCount "56"]
[EventDate "2022.07.18"]
[EventType "swiss"]
[EventCountry "POL"]
[SourceTitle "playchess.com"]
[Source "ChessBase"]
[SourceQuality "1"]
[TimeControl "40/5400+30:1800+30"]

1. e4 c6 2. Nc3 d5 3. Nf3 dxe4 4. Nxe4 e6 5. d4 Nd7 6. Bf4 {[%emt 0:04:48] C10: French with 3 Nc3: Unusual Black 3rd moves and 3...dxe4.} Ngf6 7. Nd6+ Bxd6 8. Bxd6 Ne4 9. Ba3 Qa5+ {[%emt 0:02:29] [#]} 10. c3 $146 ({Predecessor:} 10. Nd2 Qf5 11. f3 Nef6 12. Bd3 Qf4 13. c3 Qh4+ 14. g3 Qh3 15. Bf1 Qh5 16. Nc4 {1-0 (56) Da Costa,P-Lopes,M Juiz de Fora 1966}) 10... b5 (10... Nxc3 $2 11. Qd2 $18) (10... Qc7 $142) 11. Qc2 Nef6 12. Bd6 {Against Qc7} Bb7 13. Be2 a6 14. O-O c5 (14... Qb6 $16 {was necessary.}) 15. dxc5 $18 {[%emt 0:03:53] Black must now prevent b4.} Ne4 16. Nd4 ({Don't take} 16. b4 Qa3 17. Rfc1 Nxd6) (16. Bf4 $18) 16... Nxd6 $16 17. cxd6 Qb6 18. Rad1 {[%emt 0:01:40] White is more active.} (18. a4 $16) 18... Rc8 (18... O-O $1 $14) 19. Bf3 ({White should try} 19. a4 $16) 19... O-O 20. Bxb7 Qxb7 21. Nf3 Rc4 22. h3 Rd8 23. Rd2 $36 {[%emt 0:01:34][%mdl 2048] White has the initiative.} Nf6 24. Rfd1 Nd5 25. Rd4 Rxd4 26. Rxd4 {[%emt 0:00:02] White wants to play b3.} Rxd6 27. Ng5 f5 (27... g6 $1 $11 {keeps the balance.}) 28. Qe2 (28. c4 $5 Qe7 29. Nxe6 Qxe6 30. cxd5 Rxd5 31. Rxd5 Qxd5 32. Qc8+ Kf7 33. Qxa6 $14) 28... Qe7 {[%emt 0:02:27] Blacks defense is rewarded with a draw.  Weighted Error Value: White=0.26 (precise) /Black=0.19 (very precise)} 1/2-1/2

[Event "Warsaw Chess Open-B 2022"]
[Site "Warsaw"]
[Date "2022.07.22"]
[Round "5.2"]
[White "Ryszkiewicz, Adam"]
[Black "Pawicka, Magdalena"]
[Result "0-1"]
[ECO "B40"]
[WhiteElo "1977"]
[BlackElo "1781"]
[Annotator "TA"]
[PlyCount "56"]
[EventDate "2022.07.18"]
[EventType "swiss"]
[EventCountry "POL"]
[SourceTitle "playchess.com"]
[Source "ChessBase"]
[SourceQuality "1"]
[TimeControl "40/5400+30:1800+30"]

1. e4 c5 2. Nf3 e6 3. d4 cxd4 4. Nxd4 Nf6 5. Nc3 Nc6 6. Nxc6 bxc6 7. e5 Nd5 8. Ne4 Qc7 9. f4 Qb6 10. c4 Ne3 11. Qd3 Bb4+ 12. Bd2 {[%emt 0:00:06] B45: Sicilian Four Knights.} Ba6 13. b3 O-O 14. Ng5 {[%emt 0:15:57] [#]} ({Better is} 14. Bxb4 $11 Qxb4+ 15. Nd2) 14... g6 $146 (14... Bxd2+ $15 15. Kxd2 Nf5) ({Predecessor:} 14... Nf5 15. O-O-O d5 16. exd6 Bxd6 17. g4 Rad8 18. Qc2 Qd4 19. gxf5 Bxf4 20. Ne4 exf5 {½-½ (42) Velicka,P (2410)-Priehoda,V (2390) Prague 1992}) 15. Ne4 Rad8 {Hoping for ...d5.} (15... f5 $5 16. Nf6+ Rxf6 17. exf6 d5 $15) 16. Bxb4 (16. Rc1 $5 ) 16... Qxb4+ 17. Kf2 Ng4+ 18. Kf3 (18. Kg3 $1 $11 {remains equal.} Nh6 19. Rd1) 18... d5 $1 $17 ({But not} 18... f5 19. Nd6 $11 (19. exf6 Nxf6 20. Qd2 Qb8 $17)) 19. Kxg4 {[%emt 0:09:52] Black must now prevent Qd2.} dxe4 20. Qxe4 h5+ ({Black should play} 20... f5+ $1 $17 21. exf6 Rxf6) 21. Kh4 $11 c5 {[%emt 0:05:10][%mdl 1024] Strongly threatening ...Rd4. Black has compensation.} 22. Be2 Rd4 23. Qe3 Bb7 24. Rhd1 Re4 $36 {[%emt 0:05:00][%mdl 2048] White is under pressure.} 25. Qf2 {[%emt 0:08:49] [#]} (25. Qd2 $1 $11 {keeps the balance.} Qxd2 26. Rxd2 Rxf4+ 27. Kg3) 25... Qc3 (25... f6 $142 $1 26. Kh3 g5) 26. Bd3 $17 {[%emt 0:00:11] [#]} Rd4 27. Rac1 (27. Qg3 $15) 27... Qa5 $19 {[%emt 0:00:37] aiming for ...Qd8+.} 28. h3 $2 (28. Bc2 Rfd8 29. Rxd4 Rxd4 30. Re1) 28... Qd8+ {[%emt 0:00:21] Weighted Error Value: White=0.46/Black=0.13 (very precise)} 0-1

[Event "Warsaw Chess Open-B 2022"]
[Site "Warsaw"]
[Date "2022.07.22"]
[Round "5.3"]
[White "Bem, Tymoteusz"]
[Black "Smykalo, Severyn"]
[Result "1-0"]
[ECO "D31"]
[WhiteElo "1679"]
[BlackElo "1921"]
[Annotator "TA"]
[PlyCount "59"]
[EventDate "2022.07.18"]
[EventType "swiss"]
[EventCountry "POL"]
[SourceTitle "playchess.com"]
[Source "ChessBase"]
[SourceQuality "1"]
[TimeControl "40/5400+30:1800+30"]

1. d4 d5 2. c4 e6 3. Nc3 c6 4. e4 dxe4 5. Nxe4 Bb4+ 6. Bd2 Qxd4 7. Bxb4 Qxe4+ 8. Be2 Na6 9. Ba5 f6 {[%emt 0:05:25] D31: Queen's Gambit Declined: Semi-Slav without ...Nf6 (+ Marshall Gambit and Noteboom) and Exchange Variation lines without ...Nf6.} (9... Bd7 $5 ) 10. Nf3 {[%emt 0:06:48][%mdl 1024] White has compensation.} b6 11. Bc3 {[%emt 0:05:03] was the old line (11.Nd2).} (11. Nd2 $142 $1 Qf5 12. Bh5+ (12. Bc3 Ne7 $11) 12... g6 13. Bf3) 11... Bb7 (11... Ne7 $11) 12. O-O $14 {[%emt 0:09:16][%cal Of3g5] [#]} Rd8 $146 {[%emt 0:02:54] [#]} (12... c5 $1 $14) ({Predecessor:} 12... c5 13. Bd3 Qc6 14. Bc2 Kf7 15. Re1 Nh6 16. Be4 Qc8 17. Ng5+ Kg8 18. Bxb7 Qxb7 19. Nxe6 Nf7 20. Bxf6 gxf6 21. Qg4+ Ng5 22. Nxg5 h5 23. Qe6+ Kg7 24. Rad1 {1-0 (24) Hammer,J (2635)-Elsness,F (2465) Norway 2015}) 13. Nd2 (13. Nd4 $142 $1) 13... Qf4 $16 14. Bh5+ g6 15. Bg4 {Black must now prevent Re1.} Kf7 16. Qe2 {[%emt 0:06:51] Rad1 is the strong threat.} Nc7 $2 {[%emt 0:03:18] This move loses the game for Black.} ({Black should try} 16... Nc5 $14) 17. Rfe1 $18 Bc8 18. Nf3 Nh6 (18... Qxg4 $2 19. Ne5+ fxe5 20. Qxg4 $18) 19. Bh3 {[%emt 0:03:20] A strong pair of Bishops.} Nf5 {[%emt 0:02:47] [#]} (19... Rhe8 {is a better defense.} 20. Rad1 Rxd1 21. Rxd1 Ng8 22. Ne5+ fxe5) 20. Ne5+ $1 fxe5 21. Bxe5 ({Inferior is} 21. Qxe5 Qxe5 22. Bxe5 {[#]} Na6 $1 23. Bxh8 Rxh8 $17) 21... Qd2 (21... Nd4 $142 22. Qd3 (22. Bxf4 Nxe2+ 23. Rxe2 Na6 $16) 22... Nf3+ 23. Qxf3 Qxf3 24. gxf3 Na6 25. Bxh8 Rxh8) 22. Qxd2 {[%emt 0:00:51] The board is on fire.} ({Worse is} 22. Bxc7 Qxe2 23. Rxe2 Rd7 $11) 22... Rxd2 23. Bxh8 Ba6 24. Be5 Ne8 25. Rad1 Rxd1 26. Rxd1 Ke7 {[%emt 0:00:12] Prevents Rd7+.} 27. b3 Bc8 28. Bb8 {[%emt 0:03:35] White is clearly winning.} a6 29. Ba7 b5 30. Bc5+ {Weighted Error Value: White=0.18 (very precise) /Black=0.61} 1-0

[Event "Warsaw Chess Open-B 2022"]
[Site "Warsaw"]
[Date "2022.07.22"]
[Round "5.4"]
[White "Kaminski, Jan"]
[Black "Rzenca, Jerzy"]
[Result "1-0"]
[ECO "B13"]
[WhiteElo "1870"]
[BlackElo "1668"]
[Annotator "NA RC COMBH"]
[PlyCount "77"]
[EventDate "2022.07.18"]
[EventType "swiss"]
[EventCountry "POL"]
[SourceTitle "playchess.com"]
[Source "ChessBase"]
[SourceQuality "1"]
[TimeControl "40/5400+30:1800+30"]

1. e4 c6 2. d4 d5 3. exd5 cxd5 4. Bd3 Nc6 5. c3 Qc7 6. Ne2 Bg4 7. O-O Bxe2 8. Qxe2 e6 9. Nd2 Bd6 10. Nf3 Nf6 11. Re1 O-O 12. Ne5 Nd7 13. f4 g6 14. g3 Rfc8 15. Bd2 Ndxe5 16. fxe5 Bf8 17. Rf1 a6 18. Rf2 Rd8 19. Raf1 Rd7 20. Bg5 b5 21. a3 Na5 22. h4 Bg7 23. Bf6 Ra7 24. h5 Qc8 25. Qg4 Qe8 26. Rh2 Nc4 27. Qh4 Bh6 28. Kh1 Be3 29. Re2 Nd2 30. Rxe3 Nxf1 31. Bxf1 Rab7 32. Qg4 Rb6 33. Rf3 a5 34. b4 axb4 35. axb4 Ra7 36. Qf4 Rbb7 37. Bg5 Qf8 38. hxg6 hxg6 39. Bf6 1-0

[Event "Warsaw Chess Open-B 2022"]
[Site "Warsaw"]
[Date "2022.07.22"]
[Round "5.5"]
[White "Kaczmarska, Joanna"]
[Black "Kuczewski, Filip"]
[Result "1-0"]
[ECO "E18"]
[WhiteElo "1965"]
[BlackElo "1694"]
[Annotator "TA"]
[PlyCount "63"]
[EventDate "2022.07.18"]
[EventType "swiss"]
[EventCountry "POL"]
[SourceTitle "playchess.com"]
[Source "ChessBase"]
[SourceQuality "1"]
[TimeControl "40/5400+30:1800+30"]

1. Nf3 Nf6 2. g3 b6 3. Bg2 Bb7 4. d4 e6 5. O-O Be7 6. c4 O-O 7. Nc3 Ne4 8. Qc2 Nxc3 9. bxc3 f5 10. d5 Bd6 ({Black should try} 10... Na6 $11) 11. Nd4 {E19: Queen's Indian: Old Main Line with 7...Ne4 8 Qc2 Nxc3 8 Qxc3.} Qf6 12. e4 {[%emt 0:20:23] [#]} Be5 $146 (12... Na6 $11) ({Predecessor:} 12... Na6 13. Nb5 Nc5 14. exf5 exd5 15. cxd5 Ba6 16. a4 Bxb5 17. axb5 Qxf5 18. Qd1 a5 19. bxa6 Rxa6 {1-0 (41) Lalith,B (2493)-Kampman,T (2058) Hilversum 2010}) 13. dxe6 (13. Ba3 $16) 13... Bxe4 (13... dxe6 $14 14. Bf4 Nd7) 14. Bxe4 $16 fxe4 15. Ba3 (15. Qxe4 $16 Nc6 16. Ba3 (16. exd7 Bxd4 17. cxd4 Nxd4 $16) (16. Nxc6 dxc6 17. Bb2 Rae8 $16) 16... Bxd4 17. Bxf8 (17. cxd4 Qf3 $16) 17... Bxc3 {[#]} 18. e7 $1 Bxa1 19. e8=Q Rxe8 20. Qxe8) 15... c5 $14 16. Qxe4 {[%emt 0:01:35] White is more active.} Na6 $2 {[%emt 0:00:52] Loses the game.} (16... Nc6 $16) 17. exd7 $18 cxd4 (17... Bxd4 18. cxd4 Rad8 19. dxc5 Qf3) 18. Bxf8 ({Weaker is} 18. f4 Bc7 $18) 18... Rxf8 19. cxd4 Bd6 20. Rae1 {[%emt 0:00:20] [#] Black must now prevent Qd5+.} Nc7 {[%emt 0:01:22] Against Qd5+} 21. c5 bxc5 22. dxc5 Bxc5 23. Qc4+ Ne6 24. Rxe6 Bxf2+ 25. Kg2 {[%emt 0:00:10] White mates.} Qf3+ 26. Kh3 Qh5+ 27. Qh4 $1 Qf5+ 28. Qg4 Qc5 29. Re8 h5 30. Qe6+ Kh7 31. d8=Q Qb5 32. Rxf2 {[%emt 0:00:36] Weighted Error Value: White=0.14 (very precise) /Black=0.86} 1-0

[Event "Warsaw Chess Open-B 2022"]
[Site "Warsaw"]
[Date "2022.07.22"]
[Round "5.6"]
[White "Tyshniuk, Roman"]
[Black "Sidorczuk, Pawel"]
[Result "1/2-1/2"]
[ECO "E92"]
[WhiteElo "1693"]
[BlackElo "1962"]
[Annotator "TA"]
[PlyCount "118"]
[EventDate "2022.07.18"]
[EventType "swiss"]
[EventCountry "POL"]
[SourceTitle "playchess.com"]
[Source "ChessBase"]
[SourceQuality "1"]
[TimeControl "40/5400+30:1800+30"]

1. d4 Nf6 2. c4 g6 3. Nc3 Bg7 4. e4 d6 5. Be2 O-O 6. Be3 e5 7. Nf3 Nc6 8. d5 Ne7 $1 {[%emt 0:00:07] [#]} 9. Qc2 $146 {[%emt 0:00:07] E92: King's Indian: Classical: 6 Be2 e5: 7 dxe5, 7 Be3 and Petrosian System without 7...Nbd7.} ({Predecessor:} 9. Nd2 h5 10. f3 Nd7 11. b4 f5 12. c5 f4 13. Bf2 g5 14. Nc4 Rf6 15. cxd6 cxd6 16. Nb5 Nb6 17. Nxa7 Nxc4 18. Bxc4 {1-0 (42) Bluebaum,M (2681)-Niemann,H (2592) Riga 2021}) 9... c6 10. Nd2 Ne8 (10... b5 $11 {should be considered.}) 11. f3 f5 12. O-O Nf6 13. b4 Kh8 14. Rad1 b6 15. dxc6 Nxc6 16. Qb2 Nd4 17. Bd3 Nh5 (17... Be6 $11) 18. Nd5 (18. Nb3 $16) 18... Be6 19. Nb3 Bxd5 20. cxd5 Nxb3 21. Qxb3 Nf4 22. Bxf4 exf4 23. exf5 gxf5 24. Qc4 Be5 25. Rc1 Qf6 26. Rfd1 Bd4+ 27. Kh1 Be3 28. Rc2 Rf7 29. Qc3 Bd4 (29... Qxc3 $11 30. Rxc3 a5) 30. Qc6 $14 Rff8 31. Qd7 Rae8 32. Rc7 {[%emt 0:02:58][%csl Gc7][%cal Rd7h7] [#]} Qh4 {[%emt 0:00:01] ( -> ...Re1+)} 33. Bf1 (33. Rf1 $16) 33... Bf6 $2 (33... Rg8 $14) 34. Qxf5 (34. Rxa7 $18 Rg8 35. Qxf5 (35. Qxd6 Bg7 $18)) 34... Bd8 35. Rf7 $40 {[%emt 0:00:04][%mdl 128] Black is in trouble. White is much more active.} Rg8 (35... Rxf7 $16 {was worth a try.} 36. Qxf7 Rg8) 36. Qxf4 Qxf4 37. Rxf4 Bg5 38. Rf7 Re5 (38... Rg7 $142 39. Rf5 Bh6) 39. f4 Re7 40. Rxe7 Bxe7 $18 {[%emt 0:00:01][%mdl 4096] Endgame KRB-KRB} 41. Re1 Bf6 42. g3 Bc3 43. Re4 a5 44. bxa5 bxa5 45. Bd3 Bb4 46. Re7 {[%emt 0:01:42][%csl Gd3][%cal Re7h7] [#]} Rg7 (46... Rc8 47. Kg2 Rc1 48. Rxh7+ Kg8) 47. Rxg7 Kxg7 {[%emt 0:00:01] KB-KB} 48. Kg2 h6 49. Kf3 Kf6 $2 (49... Bd2 50. g4 Kf7) 50. Kg4 $2 (50. g4 Be1 51. a4) 50... Bc3 51. Kh5 Kg7 52. g4 (52. Bb5 $18 {is more deadly.}) 52... Bd2 $16 53. f5 Kf6 54. Kh4 ({Better is} 54. Bb5 $16) 54... Be1+ {[%emt 0:00:44] White is slightly better.} 55. Kh3 $1 Kg5 56. Be2 h5 57. gxh5 Kxf5 58. Kg2 Bc3 59. Kf3 Bd2 {[%emt 0:00:01] White really could win this.  Weighted Error Value: White=0.27 (precise) /Black=0.25 (precise)} 1/2-1/2

[Event "Warsaw Chess Open-B 2022"]
[Site "Warsaw"]
[Date "2022.07.22"]
[Round "5.7"]
[White "Radecki, Wojciech"]
[Black "Nocek, Dominik"]
[Result "0-1"]
[ECO "C50"]
[WhiteElo "1907"]
[BlackElo "1682"]
[Annotator "TA"]
[PlyCount "86"]
[EventDate "2022.07.18"]
[EventType "swiss"]
[EventCountry "POL"]
[SourceTitle "playchess.com"]
[Source "ChessBase"]
[SourceQuality "1"]
[TimeControl "40/5400+30:1800+30"]

1. e4 e5 2. Nf3 Nc6 3. Bc4 Nf6 4. d3 Bc5 5. Bg5 h6 6. Bh4 d6 7. Nc3 Bg4 8. h3 Bxf3 9. Qxf3 Nd4 {[%emt 0:00:03][%csl LRc2,LRf3] C50: Hungarian Defence and Giuoco Pianissimo.} 10. Qd1 c6 11. a3 b5 {[%emt 0:07:10] The position is equal.} 12. Ba2 a5 13. Ne2 {[%emt 0:00:26] [#]} Ne6 $146 ({Predecessor:} 13... Nxe2 14. Qxe2 O-O 15. O-O a4 16. Kh1 Qe7 17. f4 exf4 18. Rxf4 g5 19. Rxf6 Qxf6 20. Rf1 Qxb2 21. Qg4 Qxa2 22. Rf6 Qb1+ 23. Kh2 Bg1+ 24. Kg3 Qe1+ {0-1 (24) Schulte,H-Frielingsdorf,T freechess.de 2015}) 14. Bxe6 fxe6 15. d4 Bxd4 (15... exd4 $1 $15 16. Nxd4 g5 17. Nxe6 Qe7 18. Nxc5 dxc5) 16. Nxd4 $14 exd4 17. Qxd4 {[%emt 0:00:48] Threatens to win with 0-0-0.} e5 18. Qc3 Rc8 19. f3 {[%emt 0:00:20] [#]} (19. Qb3 $14) 19... O-O (19... Nxe4 $1 $15 20. Bxd8 Nxc3 21. Bxa5 Nd5) 20. O-O-O b4 21. axb4 axb4 22. Qxb4 Rb8 (22... d5 $14) 23. Qa3 $2 ({Only move:} 23. Qxd6 $18 {aiming for Qe6+.} Qa5 24. Qa3) 23... Ra8 $11 ({Much less strong is} 23... d5 24. Qc5 $16) 24. Qb3+ ({But not} 24. Rxd6 $2 Rxa3 25. Rxd8 Ra1+ 26. Kd2 Rxd8+ $19) 24... Kh7 {[%emt 0:01:37][%cal Of6e4] White must now prevent ...Nxe4!} 25. Bxf6 Qxf6 26. Qe3 $1 Rfb8 27. b3 d5 (27... Qg6 $11 {remains equal.}) 28. exd5 $16 cxd5 29. Kd2 $2 {[%emt 0:04:20] [#]} (29. Rhe1 $16 {keeps the pressure on.}) 29... Qg6 (29... Rc8 $1 $17 30. Rc1 Kh8) 30. g4 $2 ({White should play} 30. Rhe1 $1 $15) 30... Ra2 31. Qc3 Rb6 $2 (31... e4 $19 32. fxe4 dxe4) 32. Rc1 $2 (32. Ra1 $1 $11 {and White stays safe.} Rc6 33. Qxc6 (33. Rxa2 Rxc3 34. Kxc3 Qf6 $17) 33... Qxc6 34. Rxa2) 32... Rc6 $19 33. Qd3 e4 34. Qe3 Re6 35. f4 (35. Qf4 $142 Rf6 36. Qe5 Rxf3 37. Rhf1 Rxb3 38. Qh5) 35... d4 36. Qe2 e3+ 37. Ke1 Rc6 38. f5 Qd6 {[%emt 0:00:12] ( -> ...Qg3+)} 39. Qh2 {[%emt 0:10:08] Inhibits Qg3+.} Qa3 (39... Qd5 $142 40. Rg1 d3) 40. Rd1 Rc3 {[%emt 0:00:13] Black mates.} 41. Qe5 Rcxc2 42. Kf1 Qb4 43. Kg1 Rg2+ {[%emt 0:00:05] Weighted Error Value: White=0.95/Black=0.41} 0-1

[Event "Warsaw Chess Open-B 2022"]
[Site "Warsaw"]
[Date "2022.07.22"]
[Round "5.8"]
[White "Drozdz, Jakub"]
[Black "Rzeszowski, Dominik"]
[Result "0-1"]
[ECO "C54"]
[WhiteElo "1671"]
[BlackElo "1856"]
[Annotator "NA RC COMBH"]
[PlyCount "88"]
[EventDate "2022.07.18"]
[EventType "swiss"]
[EventCountry "POL"]
[SourceTitle "playchess.com"]
[Source "ChessBase"]
[SourceQuality "1"]
[TimeControl "40/5400+30:1800+30"]

1. e4 e5 2. Nf3 Nc6 3. Bc4 Bc5 4. c3 Nf6 5. d3 d6 6. Nbd2 O-O 7. Nf1 Be6 8. Bb5 Ne7 9. Ng3 c6 10. Ba4 Ng6 11. O-O Bb6 12. Bg5 h6 13. Be3 Qc8 14. Qc1 Bg4 15. Bxh6 Bxf3 16. Bxg7 Kxg7 17. Nf5+ Qxf5 18. exf5 Nf4 19. Bd1 Bxg2 20. d4 Rh8 21. Re1 Rxh2 22. Qxf4 exf4 23. Kxh2 Be4 24. Rg1+ Kf8 25. Bg4 Ke7 26. f3 Bd5 27. Rge1+ Kd7 28. b3 Nxg4+ 29. fxg4 Rh8+ 30. Kg1 Rh1+ 31. Kf2 Rh2+ 32. Kf1 Ba5 33. b4 Bb6 34. f6 Be6 35. Kg1 Rc2 36. Re4 f3 37. Rf1 Rxc3 38. Kf2 Rd3 39. g5 Bxd4+ 40. Ke1 f2+ 41. Ke2 Bc4 42. Re7+ Kd8 43. g6 fxg6 44. Rc1 Rc3+ 0-1

[Event "Warsaw Chess Open-B 2022"]
[Site "Warsaw"]
[Date "2022.07.23"]
[Round "6.1"]
[White "Pawicka, Magdalena"]
[Black "Kowalczyk, Adam"]
[Result "0-1"]
[ECO "C47"]
[WhiteElo "1781"]
[BlackElo "1944"]
[Annotator "TA"]
[PlyCount "68"]
[EventDate "2022.07.18"]
[EventType "swiss"]
[EventCountry "POL"]
[SourceTitle "playchess.com"]
[Source "ChessBase"]
[SourceQuality "1"]
[TimeControl "40/5400+30:1800+30"]

1. e4 e5 2. Nf3 Nf6 3. Nc3 Nc6 4. d4 exd4 5. Nxd4 Nxe4 6. Nxe4 Qe7 $1 {[%emt 0:00:24] [#]} 7. Nb5 $1 {[%emt 0:07:51] C47: Scotch Four Knights and Four Knights with 4 g3.} Qxe4+ 8. Be2 $1 Bb4+ (8... Qxg2 $2 9. Bf3 Qg6 10. Nxc7+ Kd8 11. Nxa8 $18) 9. c3 {[%emt 0:32:39] The position is equal.} Ba5 10. O-O {[%emt 0:00:35] Black must now prevent Bd3.} O-O 11. Bd3 Qh4 12. g3 Qh3 {[%emt 0:01:38] [#]} 13. Bf4 $146 {[%emt 0:03:31] Against Ne5} ({Predecessor:} 13. Re1 d5 14. Bf1 Qd7 15. Bg2 Ne7 16. b4 Bb6 17. Bf4 Ng6 18. Nd4 Nxf4 19. gxf4 {½-½ (45) Kratzmajer,A (1972)-Demjen,M (1747) Zalakaros 2018}) 13... d6 14. Re1 Bd7 15. Bf1 Qg4 16. Be2 Qg6 17. Na3 Rfe8 18. Nc4 Bb6 19. a4 Be6 20. Ne3 {[%emt 0:08:10] White is now going downhill.} (20. b4 $15 Qf6 21. Nxb6 (21. a5 Bxf2+ 22. Kxf2 g5 $17) 21... axb6 22. Qd2) 20... Bxe3 $17 21. Bxe3 Ne5 22. Bh5 Qf5 {[%emt 0:02:31][%cal Oe6b3] And now ...Bb3! would win. Black is more active.} 23. f4 (23. Bd4 $17 {is a better defense.}) 23... Nc4 $19 24. Bc1 (24. Bf3 {was worth a try.}) 24... Qc5+ {[%emt 0:01:01] Black is clearly winning.} 25. Kg2 Bd5+ 26. Bf3 Bxf3+ 27. Kxf3 Qc6+ 28. Kf2 Rxe1 29. Qxe1 Re8 30. Qd1 Nxb2 31. Qd4 (31. Qf3 $142 Qb6+ 32. Kg2) 31... Qh1 {[%emt 0:00:47] [#] ( -> ...Re1)} 32. Bxb2 Qxh2+ 33. Kf1 Qe2+ 34. Kg1 Re3 {[%emt 0:01:42] Weighted Error Value: White=0.46/Black=0.05 (flawless)} 0-1

[Event "Warsaw Chess Open-B 2022"]
[Site "Warsaw"]
[Date "2022.07.23"]
[Round "6.2"]
[White "Posuniak, Weronika"]
[Black "Kaminski, Jan"]
[Result "1/2-1/2"]
[ECO "D43"]
[WhiteElo "1895"]
[BlackElo "1870"]
[Annotator "NA RC COMBH"]
[PlyCount "97"]
[EventDate "2022.07.18"]
[EventType "swiss"]
[EventCountry "POL"]
[SourceTitle "playchess.com"]
[Source "ChessBase"]
[SourceQuality "1"]
[TimeControl "40/5400+30:1800+30"]

1. d4 Nf6 2. c4 e6 3. Nf3 d5 4. Nc3 c6 5. cxd5 exd5 6. Bg5 Be7 7. e3 O-O 8. Bd3 Re8 9. Qc2 h6 10. Bf4 Nbd7 11. O-O Nf8 12. Rab1 Nh5 13. Bg3 Nxg3 14. hxg3 a5 15. a3 Be6 16. Na4 Nd7 17. Nc5 Nxc5 18. dxc5 Qc7 19. a4 Bd7 20. Rfc1 Reb8 21. Nd4 Bf8 22. Bf5 Be8 23. b3 b6 24. cxb6 Rxb6 25. Bd3 Qe5 26. Qc3 Bb4 27. Qc2 Rab8 28. Qe2 Bd7 29. Rc2 Bf8 30. Rbc1 Ba3 31. Ra1 Bb4 32. Rac1 Ba3 33. Rd1 g6 34. Qd2 Bb4 35. Qc1 Rc8 36. Be2 h5 37. Bb5 Qd6 38. Be2 Qe5 39. Qa1 Rd8 40. Rdc1 Qd6 41. Rd1 c5 42. Nb5 Bxb5 43. Bxb5 Qe7 44. Re2 Re6 45. Qb2 d4 46. exd4 Rxe2 47. Qxe2 Qxe2 48. Bxe2 cxd4 49. Bc4 1/2-1/2

[Event "Warsaw Chess Open-B 2022"]
[Site "Warsaw"]
[Date "2022.07.23"]
[Round "6.3"]
[White "Kaczmarska, Joanna"]
[Black "Bem, Tymoteusz"]
[Result "1-0"]
[ECO "A05"]
[WhiteElo "1965"]
[BlackElo "1679"]
[Annotator "TA"]
[PlyCount "117"]
[EventDate "2022.07.18"]
[EventType "swiss"]
[EventCountry "POL"]
[SourceTitle "playchess.com"]
[Source "ChessBase"]
[SourceQuality "1"]
[TimeControl "40/5400+30:1800+30"]

1. Nf3 Nf6 2. g3 d5 3. Bg2 g6 4. O-O Bg7 5. d3 O-O 6. Nbd2 c5 7. e4 Nc6 8. c3 dxe4 9. dxe4 Qc7 10. Qe2 (10. Nc4 $5 ) 10... b6 {[%emt 0:04:56] A08: King's Indian Attack.} 11. e5 Ng4 12. h3 (12. Re1 $14 {deserves consideration.}) 12... Ngxe5 $11 {[%emt 0:09:28] The position is equal.} 13. Nxe5 Bxe5 14. Bxc6 Qxc6 15. Qxe5 Bxh3 16. Qe4 {[%emt 0:05:58] Inhibits Qg2+.} Qxe4 17. Nxe4 Bxf1 18. Kxf1 {[%emt 0:00:05] [#]} Kg7 $146 ({Predecessor:} 18... Rfd8) 19. f4 Rad8 20. Be3 h5 21. Ke2 Rfe8 22. Rf1 Rd5 23. c4 Rf5 (23... Rdd8 $11 {and Black has nothing to worry.}) 24. Bd2 ({White has to play} 24. Rd1 $18) 24... f6 25. Bc3 {[%emt 0:14:51][%mdl 1024] White has compensation.} Kf7 26. Rh1 Rd8 27. Ke3 e5 (27... Rd7 $11) 28. fxe5 $14 fxe5 29. a3 $1 a5 30. b4 axb4 31. axb4 cxb4 32. Bxb4 Kg7 33. Ra1 (33. Bc3 $5 ) 33... Rd4 34. Nd6 Rg5 (34... Rf8 35. Ra7+ (35. Nb5 Rxc4 36. Ra7+ Kg8 $16) 35... Kg8 36. Nb5 Rxc4 37. Bxf8 Kxf8 38. Nd6 Rc3+ 39. Kf2 $16) 35. Ra7+ Kg8 (35... Kf6 $11 {remains equal.} 36. Ne8+ (36. Ne4+ Rxe4+ 37. Kxe4 Rxg3 $11) 36... Kf5 37. Ng7+ Kg4) 36. Ne4 {[%emt 0:01:16] White is more active.} (36. Ne8 $1 $16 {[%cal Re8f6] Nf6+ would kill now.} Rf5 37. Rg7+ Kh8 38. Rxg6) 36... Rf5 $11 37. Ra8+ Kg7 38. Nd6 Rf1 {[%emt 0:00:38] ...Rb1 is the strong threat.} 39. Ra7+ Kg8 40. Rb7 Rg1 $2 {[%emt 0:00:46][%mdl 8192] Black is on the road to losing.} (40... Rb1 $11 41. Rxb6 Rb3+ 42. Ke2 Rxb4 $1 43. Rxb4 Rxd6) 41. Ne4 $18 Rf1 {[%emt 0:30:29] [#] Prevents Nf6+.} 42. Rb8+ $1 Kg7 43. Bc3 {[%emt 0:00:21][%mdl 64] Skewer} ({Less strong is} 43. Rxb6 Rxc4 44. Rb7+ Kh8 $14) 43... Rfd1 44. Bxd4 Rxd4 {[%emt 0:00:26][%mdl 4096] Endgame KRN-KR} 45. Rb7+ ({Don't play} 45. Rxb6 Rxc4 46. Re6 Rc1 $18) 45... Kh6 $2 (45... Kf8 46. Rxb6 Rxc4 47. Rxg6 Ra4) 46. Nd2 Rd6 47. Nf3 Rc6 48. Nxe5 Re6 49. Ke4 {[%emt 0:00:34] Hoping for Kd5.} Kg5 50. Kd5 Rf6 51. Rg7 {[%emt 0:00:39][%cal Og7g6] White wants to mate with Rxg6+!} Kf5 {[%emt 0:00:54] [#]} 52. Rxg6 $1 Rf8 53. Rxb6 Re8 54. Nd3 Re3 55. Nf4 {[%emt 0:00:10] Threatens to win with c5.} Re5+ 56. Kd6 {[%emt 0:00:40] White mates.} Re4 57. c5 h4 {[%emt 0:00:09] [#]} 58. gxh4 $1 Kxf4 (58... Rxf4 59. c6) 59. c6 {[%emt 0:00:24] Weighted Error Value: White=0.14 (very precise) /Black=0.79} 1-0